 Dungeon Crawl Stone Soup version 0.19-a0-1007-g133f65f (webtiles) character file.

2442 4thArraOfDagon the Firebug (level 9, -2/59 HPs)
             Began as a Mummy Arcane Marksman on July 20, 2016.
             Was an Elder of Vehumet.
             Slain by a warg (12 damage)
             ... on level 11 of the Dungeon.
             The game lasted 00:22:39 (6525 turns).

4thArraOfDagon the Firebug (Mummy Arcane Marksman)  Turns: 6525, Time: 00:22:40

Health: -2/59      AC: 11    Str: 15    XL:     9   Next: 25%
Magic:  14/14      EV: 12    Int: 15    God:    Vehumet [****..]
Gold:   377        SH:  0    Dex: 11    Spells: 2 memorised, 12 levels left

rFire  x . .     SeeInvis .     u - +1 flail (protect)
rCold  + + .     Gourm    .     y - +0 robe {rC+}
rNeg   + + +     Faith    .     (no shield)
rPois  ∞         Spirit   .     (no helmet)
rElec  .         Dismiss  .     (no cloak)
rCorr  .         Reflect  .     (no gloves)
SustAt .         Harm     .     (no boots)
MR     +....                    x - amulet of magic regeneration
Stlth  +.........               (no ring)
                                l - +4 ring of protection

@: somewhat resistant to hostile enchantments, very unstealthy
A: no food or potions, fire vulnerability, cold resistance 1, negative energy
resistance 3, torment resistance, unbreathing
a: Renounce Religion


You were on level 11 of the Dungeon.
You worshipped Vehumet.
Vehumet was greatly pleased with you.
You were not hungry.

You visited 1 branch of the dungeon, and saw 10 of its levels.

You collected 377 gold pieces.

Inventory:

Hand Weapons
 a - a +0 hand crossbow
 i - a +0 whip
 o - a +0 short sword
 p - a +0 flail
 q - a +3 short sword
 t - a +3 rapier of venom
 u - a +1 flail of protection (weapon)
 B - a cursed +2 trident of freezing
 C - a +3 great sword of freezing
Missiles
 d - 75 bolts
Armour
 b - a +0 chain mail
 e - a +0 robe
 r - a +3 chain mail of fire resistance
 y - a +0 robe of cold resistance (worn)
Jewellery
 h - a +4 amulet of reflection
 l - a +4 ring of protection (left hand)
 x - an amulet of magic regeneration (around neck)
 A - a +3 amulet of reflection
Scrolls
 f - 3 scrolls of amnesia {unknown}
 g - a scroll of magic mapping {unknown}
 j - a scroll of recharging
 k - 3 scrolls of remove curse
 m - 2 scrolls of enchant weapon
 n - a scroll of random uselessness
 w - a scroll of vulnerability {unknown}
Books
 c - a book of Debilitation

   Spells                             Type                      Level
   a - Corona                         Hexes                        1
   b - Slow                           Hexes                        2
   c - Gell's Gravitas                Hexes/Translocation          3
   d - Inner Flame                    Hexes/Fire                   3
   e - Cause Fear                     Hexes                        4
   f - Leda's Liquefaction            Hexes/Earth                  4
Miscellaneous
 z - a fan of gales (inert)


   Skills:
 - Level 1.0 Fighting
 - Level 5.0 Crossbows
 - Level 1.5 Dodging
 + Level 3.7 Spellcasting
 * Level 5.9 Conjurations
 - Level 2.6 Hexes
 * Level 6.0 Fire Magic


You had 12 spell levels left.
You knew the following spells:

 Your Spells              Type           Power        Failure   Level  Hunger
a - Corona                Hex            ##.....      8%          1    N/A
b - Throw Flame           Conj/Fire      ###...       1%          2    N/A

Dungeon Overview and Level Annotations

Branches:
Dungeon (9/15)             Temple (0/1) D:4            Lair (0/6) D:11
    Orc: D:9-12

Altars:
Cheibriados
Elyvilon
Fedhas
Makhleb
Nemelex Xobeh
Pakellas
Ru
Trog
Vehumet
The Shining One

Shops:
D:5 [   D:8 [

Annotations:
D:4 Edmund


Innate Abilities, Weirdness & Mutations

You do not eat or drink.
Your flesh is vulnerable to fire.
You are immune to poison.
Your flesh is cold resistant. (rC+)
You are immune to negative energy. (rN+++)
You are immune to unholy pain and torment.
You can survive without breathing.


Message History

Unknown command.
Unknown command.
Unknown command.
The warg bites you but does no damage.
There is an open door here.
Unknown command.
Unknown command.
Evoke which item? (* to show all) (? for menu, Esc to quit)
A fierce wind blows from the fan.
You hear two shouts!
The warg barely misses you. The warg closely misses you. x2
Unknown command.
The warg bites you but does no damage.
Found a stone staircase leading up.
Unknown command.
Unknown command.
As you read the scroll labeled UMPUAR HURPHARI, it crumbles to dust.
The creatures around you are filled with an inner flame!
It was a scroll of immolation.
The warg bites you!
You die...

#..#.....).# #...
#..#.......# .## #...
#.#..P...... .... ...#
........... ....##..#
.....>.... ..<.....+
#......... ......#
#......... .. #...#
#.......# ... #..@#
#....o..# ...##.hh###
##.ooo.## ........#.#
##Hoo### ........'.#
##o#... ........#.#
#.#... #####..o#.#
#.....
........###########o....
........................
..#...##...#..o#..#...#.


You could see 2 wargs and an orc priest (inner flame).

Vanquished Creatures
  Sigmund (D:7)
  Eustachio (D:6)
  A hippogriff (D:7)
  A phantom (D:4)
  A centaur (D:8)
  A giant frog (D:7)
  2 scorpions
  6 killer bees
  9 wights
  A howler monkey (D:4)
  3 crimson imps
  A hound (D:4)
  7 orc priests
  A giant frog skeleton (D:6)
  7 orc wizards
  Terence (D:3)
  6 worker ants
  A hound zombie (D:5)
  A worker ant zombie (D:5)
  10 adders
  A shadow imp (D:7)
  An ooze (D:5)
  An adder skeleton (D:4)
  5 worms
  A dart slug (D:1)
  6 giant geckos
  25 orcs
  2 ball pythons
  4 giant cockroaches
  8 hobgoblins
  7 jackals
  9 kobolds
  4 quokkas
  5 bats
  3 giant gecko skeletons
  5 giant newts
  9 goblins
  2 goblin skeletons (D:7)
  A goblin zombie (D:7)
  2 hobgoblin zombies (D:7)
  A kobold skeleton (D:7)
  A kobold zombie (D:7)
  2 orc skeletons (D:7)
  9 rats
176 creatures vanquished.

Notes
Turn   | Place    | Note
-------+----------+-------------------------------------------
     0 | D:1      | 4thArraOfDagon the Mummy Arcane Marksman began the quest for the Orb.
     0 | D:1      | Reached XP level 1. HP: 15/15 MP: 2/2
   130 | D:3      | Reached XP level 2. HP: 21/21 MP: 3/3
   209 | D:3      | Found a sparkling altar of Nemelex Xobeh.
   242 | D:3      | Noticed an orc warrior
   262 | D:2      | Reached XP level 3. HP: 8/26 MP: 4/4
   266 | D:2      | Found a faded altar of an unknown god.
   352 | D:2      | Became a worshipper of Vehumet
   352 | D:2      | Reached * piety under Vehumet
   352 | D:2      | Offered knowledge of Sandblast by Vehumet.
   384 | D:2      | Found a bloodstained altar of Trog.
   713 | D:3      | Reached XP level 4. HP: 32/32 MP: 5/5
   777 | D:4      | Noticed Edmund
   777 | D:4      | Noticed a phantom
   874 | D:3      | Reached XP level 5. HP: 35/37 MP: 6/6
  1104 | D:2      | Reached ** piety under Vehumet
  1104 | D:2      | Offered knowledge of Throw Flame by Vehumet.
  1118 | D:1      | Learned a level 2 spell: Throw Flame
  1129 | D:1      | Reached skill level 5 in Crossbows
  1230 | D:1      | You fall through a shaft!
  2136 | D:2      | Reached skill level 1 in Fire Magic
  2136 | D:2      | Reached XP level 6. HP: 24/43 MP: 7/7
  2201 | D:3      | Reached skill level 1 in Conjurations
  2381 | D:3      | Noticed Terence
  2419 | D:3      | Killed Terence
  2786 | D:5      | Entered Level 5 of the Dungeon
  2935 | D:3      | Offered knowledge of Ignite Poison by Vehumet.
  2973 | D:4      | Noticed Sigmund
  3060 | D:4      | Reached skill level 2 in Fire Magic
  3102 | D:4      | Reached XP level 7. HP: 44/48 MP: 8/8
  3497 | D:4      | Found a staircase to the Ecumenical Temple.
  3536 | D:4      | Found a burning altar of Makhleb.
  3537 | D:4      | Found a white marble altar of Elyvilon.
  3573 | D:4      | ololoev: I see u like different player tiles
  3578 | D:4      | Reached skill level 3 in Fire Magic
  3588 | D:4      | Reached *** piety under Vehumet
  3834 | D:5      | Found Barch's Armour Emporium.
  3879 | D:5      | Found a bloodstained altar of Trog.
  4070 | D:6      | Offered knowledge of Airstrike by Vehumet.
  4111 | D:6      | ololoev: u can try my ready() (with setTile) function, added mumies there
  4114 | D:6      | ololoev: http://crawl.xtahua.com/crawl/rcfiles/crawl-git/ololoev.rc
  4153 | D:6      | Found an oddly glowing altar of Pakellas.
  4153 | D:6      | Noticed Eustachio
  4211 | D:6      | Killed Eustachio
  4211 | D:6      | Reached XP level 8. HP: 35/54 MP: 8/10
  4377 | D:6      | Reached skill level 4 in Fire Magic
  4482 | D:6      | Found a sacrificial altar of Ru.
  4587 | D:6      | 4thArraOfDagon: hi
  4587 | D:6      | 4thArraOfDagon: o
  4587 | D:6      | 4thArraOfDagon: nice one
  4587 | D:6      | 4thArraOfDagon: ill try it
  4857 | D:7      | Found a glowing golden altar of the Shining One.
  4911 | D:7      | Reached **** piety under Vehumet
  5111 | D:7      | Offered knowledge of Dazzling Spray by Vehumet.
  5400 | D:7      | Killed Sigmund
  5400 | D:7      | Reached skill level 5 in Conjurations
  5400 | D:7      | Reached skill level 5 in Fire Magic
  5571 | D:7      | Found a snail-covered altar of Cheibriados.
  5727 | D:8      | Reached XP level 9. HP: 30/59 MP: 14/14
  6009 | D:8      | Found Xot Fenk's Antique Armour Shoppe.
  6408 | D:8      | Reached skill level 6 in Fire Magic
  6445 | D:8      | Found a blossoming altar of Fedhas.
  6492 | D:8      | You fall through a shaft for 3 floors!
  6492 | D:11     | Noticed a five-headed hydra
  6493 | D:11     | :(
  6497 | D:11     | Found a staircase to the Lair.
  6498 | D:11     | lol
  6498 | D:11     | 4thArraOfDagon: nice shaft
  6525 | D:11     | Slain by a warg

Vault maps used:
D:1:      dpeg_arrival_round_a
D:2:      nicolae_overflow_crystal_walls, ecumenical_altar_1
D:3:      nemelex_xobeh_ov_fountains_minmay, grunt_ministairs_12, uniq_terence
D:4:      gammafunk_temple_overflow_statue, uniq_sigmund, uniq_edmund
D:5:      serial_shops, nicolae_shop_trees, basic_altar, first_bread,
          lemuel_flamethrower_1, uniq_menkaure
D:6:      old_standard_altar, nicolae_ru_sacrificial_ziggurat, uniq_eustachio
D:7:      cheibriados_altar_1, nicolae_tso_besieged_by_evil
D:8:      serial_shops, shop, david_defended_altar_elf
D:11:     erik_lair_orcish_takeover, basic_altar

Skill      XL: |  1  2  3  4  5  6  7  8  9 |
---------------+----------------------------+-----
Crossbows      | 2 3 4 5 |  5.0
Fire Magic     | 1 2 3 5 6 |  6.0
Conjurations   | 2 3 5 |  5.9
Spellcasting   | 3 |  3.7
Fighting       | |  1.0
Dodging        | |  1.5
Hexes          | |  2.6

Action                   |  1- 3 |  4- 6 |  7- 9 || total
-------------------------+-------+-------+-------++-------
Melee: Whip              |       |   115 |       ||   115
       Short sword       |       |    45 |    93 ||   138
       Flail             |       |     4 |    47 ||    51
       Rapier            |       |       |   210 ||   210
 Fire: Hand crossbow     |   122 |   124 |   113 ||   359
 Cast: Throw Flame       |       |       |    57 ||    57
       Corona            |       |       |     2 ||     2
Evoke: Fan of gales      |       |       |     1 ||     1
  Use: Scroll            |       |     6 |     6 ||    12
Armor: Robe              |     1 |       |    17 ||    18
       Chain mail        |    51 |   140 |   250 ||   441
Dodge: Dodged            |    23 |    59 |   175 ||   257
Block: Other             |     9 |    46 |    64 ||   119
